 Dungeon Crawl Stone Soup version 0.27.1 (webtiles) character file.

Game seed: 5287974779563069641

121 Mesmaeker13 the Ruffian (level 5, -3/45 HPs)
             Began as a Ghoul Warper on Aug 25, 2021.
             Splashed by a jelly's acid (10 damage)
             ... on level 4 of the Dungeon.
             The game lasted 00:02:47 (1931 turns).

Mesmaeker13 the Ruffian (Ghoul Warper)              Turns: 1931, Time: 00:02:48

Health: -3/45      AC: -2    Str: 15    XL:     5   Next: 5%
Magic:  6/6        EV: 11    Int:  9    God:
Gold:   76         SH:  0    Dex:  8    Spells: 7/7 levels left

rFire    . . .     SeeInvis .     - Unarmed
rCold    + . .     Faith    .   (no shield)
rNeg     + + +     Spirit   .   a - +0 leather armour
rPois    ∞         Reflect  .   g - +0 helmet
rElec    .         Harm     .   f - +0 cloak
rCorr    .         Rampage  .   (no gloves)
Will     .....                  (no boots)
Stlth    +.........             d - amulet of regeneration
HPRegen  0.00/turn              (no ring)
MPRegen  0.10/turn              (no ring)

@: corroded, inhibited regen
A: claws 1, cold resistance 1, negative energy resistance 3, inhibited
regeneration, torment resistance 2
a: no special abilities


You were on level 4 of the Dungeon.
You visited 1 branch of the dungeon, and saw 4 of its levels.

You collected 76 gold pieces.

Inventory:

Hand Weapons
 l - a +0 scimitar
Missiles
 c - 5 boomerangs of dispersal
 i - 7 poisoned darts (quivered)
Armour
 a - a +0 leather armour (worn)
 f - a +0 cloak (worn)
 g - a +0 helmet (worn)
Jewellery
 d - an amulet of regeneration (around neck)
Scrolls
 b - a scroll of blinking
 e - a scroll of noise {unknown}
 j - a scroll of enchant weapon {unknown}
Potions
 h - a potion of heal wounds {unknown}
 k - 2 potions of curing {unknown}
 m - a potion of might {unknown}
 n - a potion of berserk rage {unknown}


   Skills:
 + Level 3.3 Fighting
 - Level 0.8 Throwing
 + Level 2.1 Armour
 + Level 2.7 Dodging
 + Level 3.3 Unarmed Combat
 - Level 1.7 Spellcasting
 - Level 2.6 Translocations


You had 7 spell levels left.
You didn't know any spells.
Your spell library contained the following spells:

 Spells                   Type           Power      Damage    Failure   Level
 Blink                    Tloc           N/A        N/A       22%         2
 Foxfire                  Conj/Fire      0%         2x1d4     38%         1
 Gell's Gravitas          Tloc           2%         N/A       38%         3
 Lesser Beckoning         Tloc           2%         N/A       38%         3
 Teleport Other           Tloc           5%         N/A       38%         3
 Conjure Flame            Conj/Fire      0%         6-21      77%         3
 Inner Flame              Hex/Fire       0%         N/A       77%         3
 Manifold Assault         Tloc           5%         N/A       98%         5


Dungeon Overview and Level Annotations

Branches:
Dungeon (4/15)
 Temple: D:4-7

Altars:
Elyvilon

Annotations:
D:3 Ijyb


Innate Abilities, Weirdness & Mutations

You thrive by killing the living.
You are immune to poison.
You have sharp fingernails.
Your flesh is cold resistant. (rC+)
You are immune to negative energy. (rN+++)
You do not regenerate when monsters are visible.
You are immune to unholy pain and torment.


Message History

You barely miss the jackal.
The jackal bites you but does no damage.
You barely miss the jackal. The jackal misses you.
You barely miss the jackal. The jackal misses you.
You completely miss the jackal. The jackal barely misses you.
The jackal completely misses you.
You closely miss the jackal.
The jackal bites you but does no damage.
You barely miss the jackal. The jackal bites you.
You closely miss the jackal. The jackal bites you.
The jackal bites you but does no damage.
You scratch the jackal.
You kill the jackal!
No target in view!
You start resting.
HP restored.
You climb downwards.
The jelly barely misses you. The jelly closely misses you.
There is a stone staircase leading up here.
You scratch the jelly but do no damage. The acid corrodes you!
Your claws burn!
The jelly barely misses you.
Sorry, you're not good enough to have a special ability.
You scratch the jelly but do no damage.
Your claws burn!
The jelly hits you.
You are splashed with acid!
You scratch the jelly.
Your claws burn!
The jelly is moderately wounded.
The jelly barely misses you.
You scratch the jelly but do no damage. The acid corrodes you!
Your claws burn!
The jelly is moderately wounded.
The jelly barely misses you.
You scratch the jelly but do no damage.
Your claws burn!
The jelly is moderately wounded.
The jelly closely misses you. The jelly closely misses you. The jelly hits you.
The acid corrodes you!
You are splashed with acid!
* * * LOW HITPOINT WARNING * * *
There is a stone staircase leading up here.
The jelly hits you.
* * * LOW HITPOINT WARNING * * *
You are splashed with acid!
You die...

#...J....
##########.h......
..................
..................
...........#######
...........#########
########...........#
#...........#
#.(...@.....#
#.....J.....##
#............#
#............#
#............#.#
#..............#
#...........####
#...........#
#...........#


You could see a jelly.

Vanquished Creatures
  2 adders (D:2)
  4 gnolls
  2 worms
  A dart slug (D:2)
  6 bats
  8 endoplasms
  A giant cockroach (D:2)
  5 goblins
  2 hobgoblins
  9 jackals
  3 quokkas
  2 ball pythons (D:2)
  4 frilled lizards
  3 kobolds
  3 rats (D:2)
55 creatures vanquished.

Vanquished Creatures (others)
  A plant (D:1)
1 creature vanquished.

Grand Total: 56 creatures vanquished

Notes
Turn   | Place    | Note
-------+----------+-------------------------------------------
     0 | D:1      | Mesmaeker13 the Ghoul Warper began the quest for the Orb.
     0 | D:1      | Reached XP level 1. HP: 17/17 MP: 2/2
   156 | D:1      | Reached skill level 1 in Armour
   215 | D:1      | Reached XP level 2. HP: 15/25 MP: 3/3
   230 | D:1      | Found a faded altar of an unknown god.
   377 | D:1      | Reached XP level 3. HP: 30/30 MP: 4/4
  1203 | D:2      | Reached XP level 4. HP: 38/38 MP: 5/5
  1600 | D:3      | Noticed Ijyb
  1834 | D:3      | Reached XP level 5. HP: 32/45 MP: 6/6
  1931 | D:4      | Splashed by a jelly's acid

Illustrated notes

Levels and vault maps discovered:
D:1:      dpeg_arrival_rhombi, layout_basic, hellmonk_ecumenical_altar_lost_god,
          serial_bayou_crossing
D:2:      layout_basic, basic_altar, solitary_fountain, columned_hall_lemuel,
          minmay_misc_feat_roman, kennysheep_boxes
D:3:      layout_rooms, lemuel_zombie_altar_yredelemnul, minmay_diced_spiral,
          uniq_ijyb
D:4:      layout_basic, mainiacjoe_overflow_tiny_flanked, uniq_edmund

Skill      XL: |  1  2  3  4 |
---------------+-------------+-----
Armour         | 1 2 |  2.1
Dodging        | 2 |  2.7
Fighting       | 3 |  3.3
Unarmed Combat | 3 |  3.3
Throwing       | |  0.8
Spellcasting   | |  1.7
Translocations | |  2.6

Action                   |  1- 3 |  4- 6 || total
-------------------------+-------+-------++-------
Melee: Unarmed           |   150 |   107 ||   257
       Punch             |     1 |       ||     1
Throw: Dart              |       |     5 ||     5
Armor: Leather armour    |    40 |    68 ||   108
Dodge: Dodged            |    84 |   113 ||   197
